 Dungeon Crawl Stone Soup version 0.31-a0-331-geda263fcf1 (webtiles) character file.

Game seed: 5498739489449829711

819 Newt the Skirmisher (level 8, -7/49 HPs)
             Began as a Kobold Hunter on July 19, 2023.
             Mangled by an orc warrior
             ... wielding a +0 glaive
              (19 damage)
             ... on level 4 of the Dungeon.
             The game lasted 00:03:57 (4144 turns).

Newt the Skirmisher (Kobold Hunter)                 Turns: 4144, Time: 00:03:57

Health: -7/49      AC:  4    Str:  9    XL:     8   Next: 16%
Magic:  8/8        EV: 22    Int: 10    God:
Gold:   206        SH:  0    Dex: 20    Spells: 7/7 levels left

rFire   . . .        a - +4 shortbow
rCold   . . .        (shield currently unavailable)
rNeg    + . .        c - +1 leather armour
rPois   .            (no helmet)
rElec   .            (no cloak)
rCorr   .            (no gloves)
SInv    .            (no boots)
Will    .....        i - amulet of the acrobat
Stlth   +++          p - ring of positive energy
HPRegen 0.28/turn    d - +5 ring of evasion
MPRegen 0.11/turn

%: acrobat
@: no status effects
A: small, no large weapons, nightstalker 3
a: no special abilities


You were on level 4 of the Dungeon.
You visited 1 branch of the dungeon, and saw 4 of its levels.

You collected 206 gold pieces.

Inventory:

Hand Weapons
 a - a +4 shortbow (weapon)
Armour
 c - a +1 leather armour (worn)
Jewellery
 d - a +5 ring of evasion (right hand)
 i - an amulet of the acrobat (around neck)
 o - a ring of wizardry
 p - a ring of positive energy (left hand)
Wands
 e - a wand of light (7)
Scrolls
 b - a scroll of butterflies
 f - a scroll of teleportation
 l - a scroll of vulnerability
 m - a scroll of fear
 n - a scroll of identify
Potions
 g - 2 potions of brilliance
 j - a potion of ambrosia {unknown}
 k - a potion of might


   Skills:
 - Level 5.0 Fighting
 - Level 10.0 Ranged Weapons
 + Level 5.2 Dodging
 - Level 1.3 Stealth


You had 7 spell levels left.
You didn't know any spells.
Your spell library contained the following spells:

 Spells                   Type           Power      Damage    Failure   Level
 Scorch                   Fire           0%         2d5       63%         2
 Flame Wave               Conj/Fire      0%         2d4       99%         4
 Summon Cactus Giant      Summ           0%         N/A       100%        6


Dungeon Overview and Level Annotations

Branches:
Dungeon (4/15)
 Temple: D:4-7

Altars:
Fedhas
Gozag
Trog
Vehumet
Yredelemnul
The Shining One

Annotations:
D:4 2 transporters, drugrobin's ghost, weakling DgDe


Innate Abilities, Weirdness & Mutations

You are small and have problems with some larger weapons.
You are completely attuned to the shadows.


Message History

The arrow closely misses the orc warrior.
Fire: a) +4 shortbow
Press: ? - help, Shift-Dir - straight line, f/p - orc warrior
Aim: an orc warrior, wielding a +0 orcbow and wearing a +0 plate armour (72% to hit)
You shoot an arrow. The arrow hits the orc warrior.
The orc warrior is lightly wounded.
The orc warrior shoots an arrow.
The arrow hits you!
Fire: a) +4 shortbow
Press: ? - help, Shift-Dir - straight line, f/p - orc warrior
Aim: an orc warrior, wielding a +0 orcbow and wearing a +0 plate armour (lightly wounded, 72% to hit)
You shoot an arrow.
The arrow closely misses the orc warrior.
Unknown command.
Fire: a) +4 shortbow
Press: ? - help, Shift-Dir - straight line, f/p - orc warrior
Aim: an orc warrior, wielding a +0 orcbow and wearing a +0 plate armour (lightly wounded, 72% to hit)
You shoot an arrow. The arrow hits the orc warrior.
The orc warrior is lightly wounded.
The orc warrior unwields a +0 orcbow.
The orc warrior wields a +0 glaive.
The orc warrior hits you with a +0 glaive!
* * * LOW HITPOINT WARNING * * *
Fire: a) +4 shortbow
Press: ? - help, Shift-Dir - straight line, f/p - orc warrior
Aim: an orc warrior, wielding a +0 glaive and wearing a +0 plate armour (lightly wounded, 72% to hit)
You feel better. The orc warrior closely misses you.
Aiming: Bolt of Light
Press: ? - help, Shift-Dir - straight line, f/p - orc warrior
Aim: an orc warrior, wielding a +0 glaive and wearing a +0 plate armour (lightly wounded, 71% to hit)
The bolt of light hits the orc warrior.
The orc warrior is moderately wounded.
The orc warrior is blinded.
The orc warrior misses you.
You shoot an arrow. The arrow hits the orc warrior.
The orc warrior is moderately wounded.
The orc warrior hits you with a +0 glaive!
* * * LOW HITPOINT WARNING * * *
You feel better. The orc warrior completely misses you.
You shoot an arrow.
The arrow barely misses the orc warrior.
The orc warrior hits you with a +0 glaive!!
You die...

....
.....#####.....####.
####
###...###.#........
#.....#)...#####..
##...#.##†## )
##...#.##.#.$.!
#.........#.)[.
##....###.#?...
#...##.###o..$
######...#.).)@##
#.....†).##.###'##
###.####.#..#####..##
.........##....#....#
###.##########.)†...#
....# #.##..## #####
#..#### ##.. ###


You could see an orc warrior (blind).

Vanquished Creatures
  Sigmund (D:4)
  A black bear (D:4)
  A phantom (D:4)
  A scorpion (D:4)
  2 hounds (D:4)
  An iguana (D:4)
  2 scorpion zombies (D:3)
  2 orc wizards (D:4)
  Robin (D:4)
  5 gnolls
  8 adders
  An adder zombie (D:3)
  A worm (D:2)
  6 dart slugs
  An orc (D:3)
  8 endoplasms
  3 giant cockroaches
  11 goblins
  8 hobgoblins
  6 jackals
  11 quokkas
  9 ball pythons
  4 bats
  4 frilled lizards
  6 kobolds
  A quokka zombie (D:3)
  6 rats
  A spectral goblin (D:1)
112 creatures vanquished.

Notes
Turn   | Place    | Note
-------+----------+-------------------------------------------
     0 | D:1      | Newt the Kobold Hunter began the quest for the Orb.
     0 | D:1      | Reached XP level 1. HP: 12/12 MP: 1/1
    83 | D:1      | Reached XP level 2. HP: 8/18 MP: 2/2
   282 | D:1      | Found a faded altar of an unknown god.
   433 | D:1      | Reached XP level 3. HP: 23/23 MP: 3/3
   954 | D:2      | Reached XP level 4. HP: 30/30 MP: 4/4
  1317 | D:2      | Reached skill level 5 in Fighting
  1603 | D:2      | Reached XP level 5. HP: 27/35 MP: 5/5
  2350 | D:3      | Found a radiant altar of Vehumet.
  2497 | D:3      | Reached skill level 6 in Ranged Weapons
  2824 | D:3      | Found a basalt altar of Yredelemnul.
  2850 | D:3      | Reached skill level 7 in Ranged Weapons
  2854 | D:3      | Reached XP level 6. HP: 28/40 MP: 6/6
  2969 | D:3      | You fall into a shaft and drop 1 floor!
  2986 | D:4      | Found a glowing golden altar of the Shining One.
  2986 | D:4      | Found a bloodstained altar of Trog.
  3006 | D:4      | Noticed Sigmund
  3017 | D:4      | Killed Sigmund
  3018 | D:4      | Reached skill level 8 in Ranged Weapons
  3142 | D:4      | Reached XP level 7. HP: 25/44 MP: 7/7
  3154 | D:4      | Reached skill level 9 in Ranged Weapons
  3445 | D:4      | Found a transporter.
  3456 | D:4      | Found a transporter.
  3528 | D:4      | Noticed Robin
  3533 | D:4      | Killed Robin
  3748 | D:3      | Found an opulent altar of Gozag.
  3929 | D:4      | Identified the +0 kite shield of Defiance {Dex+3}
  3938 | D:4      | Noticed drugrobin's ghost (weakling DgDe)
  3967 | D:4      | Found a blossoming altar of Fedhas.
  4057 | D:4      | Reached skill level 10 in Ranged Weapons
  4123 | D:4      | Reached XP level 8. HP: 46/49 MP: 8/8
  4131 | D:4      | Reached skill level 5 in Dodging
  4142 | D:4      | HP: 2/49 [orc warrior/+0 glaive (10)]
  4144 | D:4      | Mangled by an orc warrior

Illustrated notes

Levels and vault maps discovered:
D:1:      saegor_arrival_simple_e, layout_basic,
          dreamdust_ecumenical_altar_drowned_temple
D:2:      layout_basic, serial_aquarium, aquarium_bridge_long_separate
          [aquarium_subvault_bridge, aquarium_subvault_window,
          aquarium_subvault_wall, aquarium_subvault_bridge,
          aquarium_subvault_bridge, aquarium_subvault_wall], aquarium_window_1,
          aquarium_window_fake, aquarium_window_2, aquarium_window_fake,
          aquarium_view_2a, aquarium_view_2d, aquarium_pool_split,
          wad_woods_river_04, chequers_jeans, minmay_misc_feat_ornament,
          minmay_goblin_kobold_house
D:3:      layout_basic, nicolae_gozag_cash_rules_everything_around_me,
          nicolae_yredelemnul_corpse_copse, mainiacjoe_overflow_tiny_flanked,
          minivault_25
D:4:      layout_loops_ring, kennysheep_mini_moat,
          gammafunk_temple_overflow_pools, gammafunk_ghost_stat_death,
          minivault_14, minmay_joined_circles, uniq_robin, uniq_sigmund

Skill      XL: |  1  2  3  4  5  6  7  8 |
---------------+-------------------------+-----
Fighting       | 3 4 5 |  5.0
Ranged Weapons | 7 8 10 | 10.0
Dodging        | 4 5 |  5.2
Stealth        | |  1.3

Action                     |  1- 3 |  4- 6 |  7- 9 || total
---------------------------+-------+-------+-------++-------
   Fire: Shortbow          |    73 |   148 |   110 ||   331
  Evoke: Wand              |       |     3 |     1 ||     4
    Use: Scroll            |     7 |       |     9 ||    16
         Potion            |       |       |     2 ||     2
 Armour: Leather armour    |     7 |    24 |     5 ||    36
  Dodge: Dodged            |    23 |    71 |    66 ||   160

Table legend: (Time is in decaauts)
 A = Elapsed time spent in this place.
 B = Non-inter-level travel time spent in this place.
 C = Inter-level travel time spent in this place.
 D = Time resting spent in this place.
 E = Time spent auto-exploring this place.
 F = Levels seen in this place.
 G = Mean time per level.
                   A        B        C        D        E       F      G
               +--------+--------+--------+--------+--------+-----+--------+
         Total |   4183 |   4115 |     68 |    439 |   3129 |   4 | 1045.8 |
       Dungeon |   4183 |   4115 |     68 |    439 |   3129 |   4 | 1045.8 |
               +--------+--------+--------+--------+--------+-----+--------+

Top non-repeatable levels by time:
     D:2: 1588 daAuts
     D:4: 969 daAuts
     D:3: 872 daAuts
     D:1: 751 daAuts
